AoeStats
← Apex_predator

Arabia

510273267Analyzed
2v2 RM · 1d ago on Sep 30, 2026· 30m 49s· 4 players
Game mode
Random Map
Map size
Medium (4 player)
Population
200
Speed
Normal
Resources
Standard
Victory
Conquest
Starting age
Dark Age
Ending age
Imperial Age
RankedLock teamsTeams togetherTeam positionsShared explorationLock speedFull tech treeHidden civsTurbo modeCheats
Victory
Defeat
🇹🇼 Ethiopians · Taiwan
957
+16
🇹🇼 Hindustanis · Taiwan
945
+16
🇫🇷 Magyars · France
977
-17
🇦🇺 Inca · Australia
919
-15
shulin60111
7:37 Loom
9:56 Feudal Age
15:27 Castle Age
13:59 Double-Bit Axe
24:19 Bow Saw
27:29 Wheelbarrow
27:38 Scale Mail Armor
fugo53419
7:10 Loom
7:25 Loom
10:57 Feudal Age
13:03 Horse Collar
19:42 Castle Age
18:07 Double-Bit Axe
19:22 Scale Barding Armor
21:51 Heavy Plow
23:18 Husbandry
30:04 Fletching
lhurgoyf
8:15 Loom
11:34 Feudal Age
12:07 Double-Bit Axe
20:13 Wheelbarrow
23:08 Castle Age
20:56 Horse Collar
21:37 Fletching
21:47 Padded Archer Armor
22:00 Bloodlines
22:25 Scale Barding Armor
26:10 Heavy Plow
26:25 Bow Saw
27:22 Chain Barding Armor
Apex_predator
10:57 Feudal Age
11:02 Loom
12:48 Double-Bit Axe
21:08 Castle Age
19:50 Gold Mining
20:17 Horse Collar
21:21 Fletching
23:56 Crossbowman
25:52 Bodkin Arrow
Connection lost

Rejoining the realm…

Still unreachable

The connection could not be restored.

Session expired

The server has moved on; the page needs a fresh start.